AoeStats
← waLLefps.

Arabia

507479860Analyzed
1v1 RM · 12d ago on Sep 18, 2026· 50m 45s· 2 players
Game mode
Random Map
Map size
Tiny (2 player)
Population
200
Speed
Normal
Resources
Standard
Victory
Conquest
Starting age
Dark Age
Ending age
Imperial Age
RankedLock teamsTeams togetherTeam positionsShared explorationLock speedFull tech treeHidden civsTurbo modeCheats
Victory
Defeat
🇸🇬 Lithuanians · Singapore
1371
+14
🇹🇷 Malay · Türkiye
1333
-14
waLLefps.
6:35 Loom
9:33 Feudal Age
9:34 Double-Bit Axe
20:19 Castle Age
18:02 Horse Collar
18:53 Fletching
20:12 Bow Saw
20:04 Crossbowman
20:40 Bodkin Arrow
27:39 Heavy Plow
27:50 Forging
28:38 Wheelbarrow
30:14 Iron Casting
29:48 Pikeman
30:29 Squires
30:16 Arson
31:11 Hand Cart
31:02 Town Watch
37:35 Gold Mining
41:09 Imperial Age
40:15 Halberdier
41:58 Blast Furnace
41:34 Conscription
42:31 Bracer
42:44 Masonry
43:34 Elite Karambit Warrior
46:14 Padded Archer Armor
47:14 Thumb Ring
46:30 Elite Skirmisher
ThisisZeno
6:34 Loom
8:54 Feudal Age
10:04 Double-Bit Axe
19:32 Castle Age
17:36 Horse Collar
17:53 Gold Mining
18:45 Forging
19:00 Scale Barding Armor
21:04 Bow Saw
21:14 Heavy Plow
25:47 Wheelbarrow
25:54 Husbandry
26:48 Chain Barding Armor
27:34 Bloodlines
29:44 Iron Casting
30:40 Stone Mining
37:46 Imperial Age
36:31 Ballistics
36:17 Padded Archer Armor
36:08 Fletching
36:12 Elite Skirmisher
37:27 Leather Archer Armor
37:20 Elite Skirmisher
38:09 Bodkin Arrow
38:52 Conscription
38:01 Cavalier
39:44 Chemistry
40:09 Plate Barding Armor
48:36 Ring Archer Armor
48:06 Bracer
Connection lost

Rejoining the realm…

Still unreachable

The connection could not be restored.

Session expired

The server has moved on; the page needs a fresh start.